 Dungeon Crawl Stone Soup version 0.30-a0-297-g0ec75d9ef4 (webtiles) character file.

Game seed: 17879182568317794245

32 ds3scud the Shooter (level 3, -1/30 HPs)
             Began as a Minotaur Hunter on Oct 19, 2022.
             Killed by an exploding orc (5 damage)
             ... ignited by their inner flame
             ... on level 2 of the Dungeon.
             The game lasted 00:35:04 (1341 turns).

ds3scud the Shooter (Minotaur Hunter)               Turns: 1341, Time: 00:35:05

Health: -1/30      AC:  3    Str: 14 (15) XL:     3   Next: 8%
Magic:  2/2        EV: 12    Int:  5 (6)  God:
Gold:   80         SH:  0    Dex: 14 (15) Spells: 2/2 levels left

rFire   + . .      SeeInvis .    a - +0 shortbow
rCold   x . .      Faith    .    (shield currently unavailable)
rNeg    . . .      Spirit   .    c - +0 leather armour
rPois   .          Reflect  .    (helmet restricted)
rElec   .          Harm     .    (no cloak)
rCorr   .          Rampage  .    (no gloves)
Will    .....                    (no boots)
Stlth   +.........               (no amulet)
HPRegen 0.25/turn                j - ring of fire
MPRegen 0.08/turn                (no ring)

@: no status effects
A: horns 2, retaliatory headbutt
a: no special abilities


You were on level 2 of the Dungeon.
You visited 1 branch of the dungeon, and saw 2 of its levels.

You collected 80 gold pieces.

Inventory:

Hand Weapons
 a - a +0 shortbow (weapon)
 d - a +0 dagger
 e - a +0 sling
 g - a +0 hand axe
 n - a +0 short sword
Armour
 c - a +0 leather armour (worn)
 f - a +0 leather armour
Jewellery
 j - a ring of fire (left hand)
 q - a ring of positive energy
Scrolls
 h - a scroll of amnesia {unknown}
 l - a scroll of acquirement {unknown}
 m - a scroll of brand weapon {unknown}
 p - a scroll of noise


   Skills:
 + Level 2.6 Fighting
 + Level 5.2 Ranged Weapons
 + Level 0.5 Armour
 + Level 2.3 Dodging
 + Level 0.8 Stealth


You had 2 spell levels left.
You didn't know any spells.
Your spell library was empty.

Dungeon Overview and Level Annotations

Branches:
Dungeon (2/15)

Altars:


Innate Abilities, Weirdness & Mutations

You have a pair of horns on your head.
You reflexively headbutt those who attack you in melee.


Message History

Press: ? - help, Q - select action Shift-Dir - straight line, f - jackal
Aim: a jackal (moderately wounded, 55% to hit)
You shoot an arrow. The arrow closely misses the jackal.
The jackal closely misses you.
Fire: a) +0 shortbow
Press: ? - help, Q - select action Shift-Dir - straight line, f - orc, p - jackal
Aim: an orc, wielding a +2 short sword of flaming and wearing a +0 leather armour (62% to hit)
You shoot an arrow. The arrow hits the orc.
The orc is moderately wounded.
The jackal barely misses you. x2; You furiously retaliate!
You headbutt the jackal.
You kill the jackal!
You shoot an arrow.
The arrow hits the orc but does no damage.
The orc is moderately wounded.
A worm comes into view.
The orc closely misses you. The orc hits you with a +0 dagger.
You shoot an arrow.
The arrow hits the orc but does no damage.
The orc is moderately wounded.
The orc hits you with a +2 short sword of flaming.
The orc burns you. The orc barely misses you.
You feel more attuned to fire.
j - a ring of fire (left hand)
The orc misses you. The orc barely misses you.
As you read the scroll of immolation, it crumbles to dust.
The creatures around you are filled with an inner flame!
The orc barely misses you. The orc hits you but does no damage.
You shoot an arrow. The arrow hits the orc.
The orc explodes!
The fiery explosion engulfs the orc!!! x2
The fiery explosion engulfs the goblin!
The fiery explosion engulfs you!! You resist.
Ouch! That really hurt!
* * * LOW HITPOINT WARNING * * *
The fiery explosion engulfs the orc!!
The orc explodes!
The goblin explodes!
The orc explodes!
The fiery explosion engulfs the goblin!!!
The fiery explosion engulfs you. You resist.
You die...

...... .# ..... .#
.... .# w.. .# !. .#
#§#§# ...###§§§#
.!...§§§####
...####@§..#
.....#..#.##########
..[...#...>......#
##.##.#..##......#
#.......##.#######
###.....##.......###
#.#...'...####.#..
#.#...###.# #.#.#
#.#...# #.####....


You could see a worm (inner flame).

Vanquished Creatures
  4 orcs (D:2)
  3 ball pythons
  4 endoplasms
  2 giant cockroaches
  2 hobgoblins
  5 jackals
  A kobold (D:1)
  5 bats (D:1)
  2 frilled lizards (D:1)
  4 goblins
  2 rats
34 creatures vanquished.

Vanquished Creatures (others)
  A plant (D:1)
1 creature vanquished.

Grand Total: 35 creatures vanquished

Notes
Turn   | Place    | Note
-------+----------+-------------------------------------------
     0 | D:1      | ds3scud the Minotaur Hunter began the quest for the Orb.
     0 | D:1      | Reached XP level 1. HP: 18/18 MP: 0/0
   187 | D:1      | Reached XP level 2. HP: 19/25 MP: 1/1
   301 | D:1      | Reached skill level 5 in Ranged Weapons
  1233 | D:2      | Reached XP level 3. HP: 25/30 MP: 2/2
  1341 | D:2      | Killed by an exploding orc... ignited by their inner flame

Illustrated notes

Levels and vault maps discovered:
D:1:      evilmike_arrival_plus, layout_loops_corners, serial_forest,
          infiniplex_forest_clump_cross, infiniplex_forest_fountain,
          infiniplex_forest_end_double, infiniplex_forest_straight_2,
          infiniplex_forest_fountain, infiniplex_forest_clump_medium,
          infiniplex_forest_lined_3, infiniplex_forest_lined_room_2,
          minmay_pentomino_r4
D:2:      layout_basic, chequers_serial_rivers_small_a,
          chequers_serial_rivers_marsh

Skill      XL: |  1  2 |
---------------+-------+-----
Ranged Weapons | 5 |  5.2
Fighting       | |  2.6
Armour         | |  0.5
Dodging        | |  2.3
Stealth        | |  0.8

Action                   || total
-------------------------++-------
Melee: Hand axe          ||    34
       Headbutt          ||    10
 Fire: Shortbow          ||    68
       Sling             ||     3
  Use: Scroll            ||     2
       Potion            ||     5
Armor: Leather armour    ||    23
Dodge: Dodged            ||    53

Table legend: (Time is in decaauts)
 A = Elapsed time spent in this place.
 B = Non-inter-level travel time spent in this place.
 C = Inter-level travel time spent in this place.
 D = Time resting spent in this place.
 E = Time spent auto-exploring this place.
 F = Levels seen in this place.
 G = Mean time per level.
                   A        B        C        D        E       F      G
               +--------+--------+--------+--------+--------+-----+--------+
         Total |   1367 |   1267 |    100 |      0 |      0 |   2 |  683.5 |
       Dungeon |   1367 |   1267 |    100 |      0 |      0 |   2 |  683.5 |
               +--------+--------+--------+--------+--------+-----+--------+

Top non-repeatable levels by time:
     D:1: 1129 daAuts
     D:2: 238 daAuts
